 Dungeon Crawl Stone Soup version 0.28.0-53-g5a82cb258f (webtiles) character file.

Game seed: 8373853323138715181

109 bnorton916 the Magician (level 4, -1/24 HPs)
             Began as a Deep Elf Fire Elementalist on July 31, 2022.
             Slain by a phantom (7 damage)
             ... on level 3 of the Dungeon.
             The game lasted 00:02:49 (2954 turns).

bnorton916 the Magician (DEFE)                      Turns: 2954, Time: 00:02:50

Health: -1/24      AC:  2    Str:  5    XL:     4   Next: 59%
Magic:  9/12       EV: 12    Int: 22    God:
Gold:   111        SH:  0    Dex: 15    Spells: 5/11 levels left

rFire   . . .      SeeInvis .   (no weapon)
rCold   . . .      Faith    .   (no shield)
rNeg    . . .      Spirit   .   a - +0 robe
rPois   .          Reflect  .   (no helmet)
rElec   .          Harm     .   (no cloak)
rCorr   .          Rampage  .   (no gloves)
Will    .....                   (no boots)
Stlth   ++........              (no amulet)
HPRegen 0.08/turn               (no ring)
MPRegen 0.13/turn               (no ring)

@: no status effects
A: no striking features
a: no special abilities


You were on level 3 of the Dungeon.
You visited 1 branch of the dungeon, and saw 3 of its levels.

You collected 111 gold pieces.

Inventory:

Missiles
 b - 22 stones
 g - 2 poisoned darts
Armour
 a - a +0 robe (worn)
Scrolls
 f - a scroll of noise {unknown}
 i - a scroll of silence {unknown}
 k - a scroll of holy word {unknown}
Potions
 c - a potion of might {unknown}
 d - a potion of haste {unknown}
 e - 2 potions of degeneration {unknown}
 h - a potion of heal wounds {unknown}
 j - a potion of attraction {unknown}


   Skills:
 - Level 2.4 Dodging
 - Level 2.4 Stealth
 + Level 4.4 Spellcasting
 + Level 2.8 Conjurations
 + Level 4.4 Fire Magic


You had 5 spell levels left.
You knew the following spells:

 Your Spells              Type           Power      Damage    Failure   Level
a - Foxfire               Conj/Fire      80%        2x1d8     2%          1
b - Scorch                Fire           48%        2d7       2%          2
c - Conjure Flame         Conj/Fire      20%        6-21      7%          3

Your spell library contained the following spells:

 Spells                   Type           Power      Damage    Failure   Level
 Inner Flame              Hex/Fire       14%        N/A       13%         3
 Flame Wave               Conj/Fire      20%        2d7       24%         4
 Gell's Gravitas          Tloc           4%         N/A       32%         3
 Lesser Beckoning         Tloc           4%         N/A       32%         3
 Teleport Other           Tloc           4%         N/A       32%         3


Dungeon Overview and Level Annotations

Branches:
Dungeon (3/15)

Altars:
Vehumet

Shops:
D:1 [


Message History

There is an escape hatch in the floor here.
A kobold comes into view. It is wielding a +0 short sword.
A kobold is nearby!
Casting: Foxfire (safe; 2% risk of failure)
Confirm with . or Enter, or press ? or * to list all spells.
You conjure some foxfire!
The kobold shouts!
You hear a shout! x2; You hear an angry hiss.
A phantom comes into view.
A hobgoblin comes into view.
The foxfire hits the phantom!
The phantom is moderately damaged.
The foxfire hits the kobold.
The kobold is moderately wounded.
Casting: Foxfire (safe; 2% risk of failure)
Confirm with . or Enter, or press ? or * to list all spells.
You conjure some foxfire!
The phantom misses you.
The foxfire hits the phantom.
The phantom is moderately damaged.
The foxfire hits the phantom.
The phantom is heavily damaged.
The phantom hits you!
Casting: Foxfire (safe; 2% risk of failure)
Confirm with . or Enter, or press ? or * to list all spells.
You conjure some foxfire!
The phantom closely misses you.
The foxfire hits the phantom but does no damage.
The phantom is heavily damaged.
The kobold misses you.
An orc comes into view. It is wielding a +0 whip.
The phantom misses you.
Casting: Foxfire (safe; 2% risk of failure)
Confirm with . or Enter, or press ? or * to list all spells.
You conjure some foxfire!
The kobold hits you but does no damage. The phantom completely misses you.
The foxfire hits the phantom.
The phantom is severely damaged.
The kobold hits you with a +0 short sword.
The phantom hits you!
* * * LOW HITPOINT WARNING * * *
Unknown command.
The phantom hits you!
You die...

######## #.......
#.#.... #..... #.
#.... ...
#...#.... #.#o..#
#KW..# #@#.#.# #.#
# #.# #.# #.# #.#
##########
#.#######........#
#................#
#############..###


You could see a phantom, an orc and a kobold.

Vanquished Creatures
  3 gnolls (D:2)
  2 adders
  A dart slug (D:3)
  7 ball pythons
  2 bats
  5 endoplasms
  12 giant cockroaches
  3 goblins
  2 hobgoblins
  6 jackals
  6 kobolds
  2 frilled lizards
  4 rats
55 creatures vanquished.

Vanquished Creatures (others)
  251 foxfires
251 creatures vanquished.

Grand Total: 306 creatures vanquished

Notes
Turn   | Place    | Note
-------+----------+-------------------------------------------
     0 | D:1      | bnorton916 the Deep Elf Fire Elementalist began the quest
                  | for the Orb.
     0 | D:1      | Reached XP level 1. HP: 10/10 MP: 6/6
   217 | D:1      | Reached XP level 2. HP: 15/15 MP: 2/8
   737 | D:1      | Found Weecoun's Antique Armour Shoppe.
  1157 | D:2      | Reached XP level 3. HP: 19/19 MP: 7/10
  1302 | D:2      | Learned a level 2 spell: Scorch
  1306 | D:2      | Learned a level 3 spell: Conjure Flame
  1795 | D:2      | Reached XP level 4. HP: 24/24 MP: 4/12
  2506 | D:3      | Found a faded altar of an unknown god.
  2516 | D:3      | Found a radiant altar of Vehumet.
  2946 | D:3      | Noticed a phantom
  2954 | D:3      | Slain by a phantom

Illustrated notes

Levels and vault maps discovered:
D:1:      lemuel_arrival_tunnels, layout_rooms, serial_shops, nicolae_shop_trees
D:2:      layout_loops_ring
D:3:      minmay_roachtagon, layout_rooms, fiery_altar_vehumet,
          dreamdust_ecumenical_altar_statues, minmay_increasing_density

Skill      XL: |  1  2  3 |
---------------+----------+-----
Conjurations   | 2 |  2.8
Spellcasting   | 4 |  4.4
Fire Magic     | 4 |  4.4
Dodging        | |  2.4
Stealth        | |  2.4

Action                   |  1- 3 |  4- 6 || total
-------------------------+-------+-------++-------
 Cast: Foxfire           |    97 |    54 ||   151
       Scorch            |     4 |     3 ||     7
Armor: Robe              |     2 |     1 ||     3
Dodge: Dodged            |     4 |     6 ||    10
